 Dungeon Crawl Stone Soup version 0.31.0-9-g3a7656b989 (webtiles) character file.

Game seed: 12913351193344927424

14049 Kenran the Grappler (level 12, 0/192 HPs)
             Began as an Oni Gladiator on Feb 3, 2024.
             Was the Champion of the Shining One.
             Slain by a cane toad (4 damage)
             ... on level 1 of the Lair of Beasts.
             The game lasted 00:23:57 (14693 turns).

Kenran the Grappler (Oni Gladiator)                Turns: 14693, Time: 00:23:58

Health: 0/192      AC:  2    Str: 18    XL:     12   Next: 12%
Magic:  14/14      EV: 16    Int:  9    God:    the Shining One [******]
Gold:   685        SH:  0    Dex: 16    Spells: 11/11 levels left

rFire   . .          .
                       - Unarmed
rCold   . . .        (shield currently unavailable)
rNeg    + + +        z - melded +0 steam dragon scales
rPois   .            b - +0 hat
rElec   .            s - +0 cloak
rCorr   .            (gloves unavailable)
SInv    .            (boots unavailable)
Will    ++++.        H - amulet "Ene Deu" {Faith Will++ Str-3 Dex+2} Stlth
                     F - ring of willpower
HPRegen 0.52/turn    (no ring)
MPRegen 0.14/turn

%: faith
@: berserking, lethally poisoned (0 -> -9), flux-form, glowing, very quick
A: glow, contaminating, large, unfitting armour, horns 1, tough skin 1, double
potion healing, drunken brawling
a: Begin Untransformation, Renounce Religion, Divine Shield, Cleansing Flame,
Summon Divine Warrior, Brand Weapon With Holy Wrath


You were on level 1 of the Lair of Beasts.
You worshipped the Shining One.
The Shining One was exalted by your worship.
You were something dangerously unstable.
You visited 2 branches of the dungeon, and saw 12 of its levels.
You also visited: Sewer and Ossuary.

You collected 875 gold pieces.
You spent 190 gold pieces at shops.

Inventory:

Missiles
 c - 4 throwing nets (quivered)
 d - a large rock
Armour
 b - a +0 hat (worn)
 s - a +0 cloak (worn)
 z - +0 steam dragon scales (melded)
Jewellery
 F - a ring of willpower (left hand)
 H - the amulet "Ene Deu" (around neck) {Faith Will++ Str-3 Dex+2}
   (You found it on level 9 of the Dungeon)

   [amulet of faith]

   Faith:     It allows you to gain divine favour quickly.
   Str-3:     It affects your strength (-3).
   Dex+2:     It affects your dexterity (+2).
   Will++:    It greatly increases your willpower.
Talismans
 D - a flux talisman (active)
 G - a serpent talisman
Wands
 l - a wand of paralysis (4)
 t - a wand of flame (22)
 x - a wand of polymorph (10)
 y - a wand of digging (8)
Scrolls
 a - a scroll of silence {unknown}
 e - a scroll of butterflies
 f - 2 scrolls of teleportation
 h - 3 scrolls of revelation
 i - 3 scrolls of fear
 j - 7 scrolls of poison {!r}
 m - 3 scrolls of enchant armour
 o - a scroll of enchant weapon
 q - a scroll of fog
 r - a scroll of amnesia
 u - a scroll of blinking
 J - 3 scrolls of noise {!r}
Potions
 g - a potion of brilliance
 k - a potion of haste
 n - 3 potions of enlightenment
 p - 4 potions of mutation {unknown}
 v - 2 potions of attraction {!q}
 w - a potion of resistance {unknown}
 B - 2 potions of might {unknown}
 C - 2 potions of berserk rage {!q}


   Skills:
 + Level 10.6 Fighting
 - Level 2.0 Throwing
 - Level 5.0 Dodging
 - Level 12.0 Unarmed Combat
 - Level 3.0 Invocations
 - Level 2.0 Evocations
 - Level 10.0 Shapeshifting


You had 11 spell levels left.
You didn't know any spells.
Your spell library contained the following spells:

 Spells                   Type           Power      Damage    Failure   Level
 Apportation              Tloc           0%         N/A       38%         1
 Necrotise                Necr           0%         1d4       38%         1
 Sandblast                Erth           0%         2d4       38%         1
 Slow                     Hex            0%         N/A       38%         1
 Sting                    Conj/Alch      0%         1d3       38%         1
 Summon Small Mammal      Summ           0%         N/A       38%         1
 Call Canine Familiar     Summ           0%         N/A       77%         3
 Confusing Touch          Hex            0%         N/A       77%         3
 Dazzling Flash           Conj/Hex       0%         N/A       77%         3
 Inner Flame              Hex/Fire       0%         N/A       77%         3
 Mephitic Cloud           Conj/Alch/Air  0%         N/A       77%         3
 Passwall                 Erth           0%         N/A       77%         3
 Sigil of Binding         Hex            0%         N/A       77%         3
 Stone Arrow              Conj/Erth      0%         3d7       77%         3
 Tukima's Dance           Hex            0%         N/A       77%         3
 Vampiric Draining        Necr           0%         2d6       77%         3
 Animate Armour           Summ/Erth      0%         N/A       99%         4
 Brom's Barrelling Bould  Conj/Erth      0%         2d3       99%         4
 Dimensional Bullseye     Hex/Tloc       0%         N/A       99%         4
 Iskenderun's Mystic Bla  Conj/Tloc      0%         2d3       99%         4
 Passage of Golubria      Tloc           0%         N/A       99%         4
 Curse of Agony           Necr           0%         N/A       100%        5
 Irradiate                Conj/Alch      0%         3d11      100%        5
 Silence                  Hex/Air        0%         N/A       100%        5
 Yara's Violent Unravell  Hex/Alch       0%         3d3       100%        5
 Ignition                 Fire           0%         3d3       100%        8
 Lehudib's Crystal Spear  Conj/Erth      0%         10d2      100%        8


Dungeon Overview and Level Annotations

Branches:
Dungeon (11/15)            Temple (0/1) D:5            Lair (1/5) D:9
    Orc (0/2) D:9           Sewer (visited)         Ossuary (visited)

Altars:
Cheibriados
Dithmenos
Elyvilon
Kikubaaqudgha
Nemelex Xobeh
Qazlal
Ru
Sif Muna
Trog
Uskayaw
Vehumet
The Shining One

Shops:
D:3 *   D:4 ?*:[[   D:8 [

Annotations:
D:7 Jeremiah


Innate Abilities, Weirdness & Mutations

You are something dangerously unstable.
You glow with magical radiation, making you easy to see and hit.
Foes you strike become dangerously contaminated with magical radiation.
You are incapable of wielding weapons or throwing items.
You are too large for most types of armour.
You have a pair of small horns on your head.
You have tough skin. (AC +1)
You gain doubled healing and magic from potions.
Whenever you drink a healing potion, you attack all around you.


Message History

You hit the bullfrog.
The bullfrog shudders as magic cascades through it.
The bullfrog twists and deforms.
You headbutt the bullfrog.
You kill the bullfrog!
You feel sick.
You feel sick.
You feel sick.
You are no longer poisoned.
You start resting.
A cane toad comes into view.
The cane toad croaks.
You hit the cane toad but do no damage.
The cane toad begins to glow.
The cane toad stings you!!
* * * LOW HITPOINT WARNING * * *
Unknown command.
Okay, then.
As you read the scroll of fear, it crumbles to dust.
You assume a fearsome visage.
The cane toad looks frightened!
Okay, then.
You start resting.
The cane toad stings you.
* * * LOW HITPOINT WARNING * * *
You are poisoned.
The cane toad poisons you!
A red film seems to cover your vision as you go berserk!
You feel yourself moving faster!
You feel mighty!
You feel very sick. The cane toad stings you!!
* * * LOW HITPOINT WARNING * * *
There is a lethal amount of poison in your body!
You pummel the cane toad!!
The cane toad begins to glow.
The cane toad is heavily wounded.
* * * LOW HITPOINT WARNING * * *
You feel sick.
You punch the cane toad!
The cane toad glows dangerously bright.
You headbutt the cane toad.
The cane toad is almost dead.
* * * LOW HITPOINT WARNING * * *
You feel sick. The cane toad stings you.
You die...

#...# ##....###.....### #.
#...###P....# ##......##..
#....###....#####....##...
......#......##P..........
.......#..................
..#............#......##.
.###..†###...#####...##
.###..## ###.#####..##
.#P#.## #....p#.## ....##
#.....F## #...# #.##.#.#
##..# # ##### #...# #####


You could see a cane toad (heavy contam).

Vanquished Creatures
  2 two-headed ogres (D:11)
  An ugly thing (D:9)
  A gargoyle (D:11)
  A cane toad (Lair:1)
  An unseen horror (D:11)
  A komodo dragon (Lair:1)
  A kobold demonologist (D:9)
  4 trolls
  2 hornets (D:9)
  A merfolk (D:8)
  A wraith (D:11)
  Eustachio (D:4)
  18 yaks (D:9)
  2 steam dragons
  5 vampire mosquitoes
  Menkaure (D:7)
  6 water moccasins
  3 orc warriors
  3 ice beasts
  2 black bears
  A sky beast (D:8)
  4 centaurs
  2 ogres
  13 kobold brigands
  A phantom (D:5)
  8 bullfrogs
  2 gnoll sergeants
  8 scorpions
  6 killer bees
  A howler monkey (D:5)
  2 bombardier beetles (D:5)
  3 hounds
  2 human zombies (Ossuary)
  2 gnoll boudas
  3 jellies
  4 orc priests
  5 iguanas
  8 orc wizards
  A hound zombie (Ossuary)
  4 mummies (Ossuary)
  9 adders
  27 gnolls
  4 shadow imps
  3 white imps
  2 adder zombies (Ossuary)
  12 dart slugs
  4 ribbon worms
  34 orcs
  19 endoplasms
  19 giant cockroaches
  8 goblins
  7 hobgoblins
  45 kobolds
  6 quokkas
  15 ball pythons
  8 bats
  12 frilled lizards
  A gnoll zombie (Ossuary)
  2 goblin zombies (Ossuary)
  A hobgoblin zombie (Ossuary)
  A jackal zombie (Ossuary)
  8 kobold skeletons (D:9)
  10 kobold zombies (D:9)
  13 rats
  2 rat zombies (Ossuary)
409 creatures vanquished.

Notes
Turn   | Place    | Note
-------+----------+-------------------------------------------
     0 | D:1      | Kenran the Oni Gladiator began the quest for the Orb.
     0 | D:1      | Reached XP level 1. HP: 22/22 MP: 1/1
   104 | D:1      | Reached skill level 3 in Unarmed Combat
   174 | D:1      | Reached XP level 2. HP: 26/29 MP: 2/2
   683 | D:1      | Reached XP level 3. HP: 36/36 MP: 3/3
   963 | D:2      | Found a white marble altar of Elyvilon.
  1090 | D:2      | Reached skill level 4 in Unarmed Combat
  1104 | D:2      | Found a faded altar of an unknown god.
  1147 | D:2      | Prayed at the altar of an unknown god.
  1147 | D:2      | Became a worshipper of the Shining One
  1147 | D:2      | Reached * piety under the Shining One
  1349 | D:3      | Found a radiant altar of Vehumet.
  1442 | D:3      | Reached XP level 4. HP: 44/44 MP: 4/4
  1515 | D:3      | Found Naesoy's Assorted Antiques.
  1525 | D:3      | Bought 3 scrolls labelled SEOREC KIMMO for 75 gold pieces
  1525 | D:3      | Bought a scroll labelled KORHAH BISCH for 25 gold pieces
  1590 | D:3      | Found a sparkling altar of Nemelex Xobeh.
  1622 | D:3      | Found a snail-covered altar of Cheibriados.
  1932 | D:3      | Reached skill level 5 in Unarmed Combat
  2133 | D:4      | Found Seot's Armour Boutique.
  2134 | D:4      | Found Xusiesch's Book Shoppe.
  2151 | D:4      | Reached XP level 5. HP: 47/50 MP: 5/5
  2161 | D:4      | Found Desimosh's General Store.
  2175 | D:4      | Bought a scroll of identify for 24 gold pieces
  2203 | D:4      | Identified the +7 falchion of Xom's Condemnation {freeze,
                  | Str+3}
  2276 | D:4      | Found Lypan's Magic Scroll Shop.
  2338 | D:4      | Found a glowing drain.
  2350 | Sewer    | Entered a sewer
  2368 | Sewer    | Reached ** piety under the Shining One
  2683 | Sewer    | Reached XP level 6. HP: 59/59 MP: 6/6
  2713 | Sewer    | Reached skill level 6 in Unarmed Combat
  3021 | D:4      | Found a sacrificial altar of Ru.
  3158 | D:4      | Reached skill level 7 in Unarmed Combat
  3158 | D:4      | Reached XP level 7. HP: 60/66 MP: 7/7
  3404 | D:4      | Found Yrhul's Antique Armour Shop.
  3607 | D:4      | Reached skill level 5 in Fighting
  3708 | D:4      | Reached XP level 8. HP: 80/87 MP: 8/8
  3818 | D:5      | Entered Level 5 of the Dungeon
  4001 | D:5      | Found a staircase to the Ecumenical Temple.
  4030 | D:5      | Noticed Eustachio
  4037 | D:5      | Reached *** piety under the Shining One
  4055 | D:5      | Found a sand-covered staircase.
  4197 | Ossuary  | Entered an ossuary
  4399 | Ossuary  | Reached **** piety under the Shining One
  4636 | D:5      | Reached skill level 10 in Fighting
  4771 | D:5      | Found a bloodstained altar of Trog.
  4795 | D:5      | Found a shimmering blue altar of Sif Muna.
  4830 | D:4      | Killed Eustachio
  5204 | D:5      | Found a stormy altar of Qazlal.
  5500 | D:6      | Reached skill level 8 in Unarmed Combat
  5500 | D:6      | Reached XP level 9. HP: 93/101 MP: 9/9
  5993 | D:6      | Reached skill level 9 in Unarmed Combat
  6632 | D:7      | Reached skill level 10 in Unarmed Combat
  6682 | D:7      | Noticed Menkaure
  6688 | D:7      | Killed Menkaure
  6689 | D:7      | Reached skill level 1 in Invocations
  6689 | D:7      | Reached skill level 1 in Evocations
  7147 | D:7      | Reached XP level 10. HP: 60/110 MP: 12/12
  7470 | D:7      | Reached skill level 5 in Dodging
  7723 | D:4      | Bought a scroll of identify for 22 gold pieces
  7723 | D:4      | Bought a scroll of identify for 22 gold pieces
  7725 | D:4      | Bought a scroll of identify for 22 gold pieces
  7804 | D:8      | Noticed Jeremiah
  8098 | D:8      | Found Cheibriados's Comfort Zone.
  8098 | D:8      | Found a snail-covered altar of Cheibriados.
  8591 | D:8      | Reached skill level 1 in Shapeshifting
  8847 | D:8      | Found a shadowy altar of Dithmenos.
  9114 | D:8      | Found a glowing golden altar of the Shining One.
  9338 | D:9      | Found a staircase to the Lair.
  9503 | D:9      | Reached skill level 5 in Shapeshifting
  9638 | D:9      | Identified the amulet "Ene Deu" {Faith Will++ Str-3 Dex+2}
  9842 | D:9      | Found a staircase to the Orcish Mines.
  9905 | D:9      | Noticed a red ugly thing
  9925 | D:9      | Killed a red ugly thing
  9930 | D:9      | Reached XP level 11. HP: 80/117 MP: 13/13
 10408 | D:9      | Reached skill level 11 in Unarmed Combat
 10679 | D:9      | Found a hide-covered altar of Uskayaw.
 10776 | D:9      | Reached ***** piety under the Shining One
 10926 | D:9      | Found a white marble altar of Elyvilon.
 11026 | D:9      | Found an ancient bone altar of Kikubaaqudgha.
 11292 | D:10     | Entered Level 10 of the Dungeon
 11328 | D:10     | Found an ancient bone altar of Kikubaaqudgha.
 11874 | D:10     | Reached skill level 12 in Unarmed Combat
 12664 | D:11     | Noticed a two-headed ogre
 12673 | D:11     | Killed a two-headed ogre
 12924 | D:11     | Reached ****** piety under the Shining One
 12934 | D:11     | HP: 3/117 [vampire mosquito (12)]
 13837 | D:11     | Noticed a two-headed ogre
 13844 | D:11     | Killed a two-headed ogre
 14136 | Lair:1   | Entered Level 1 of the Lair of Beasts
 14234 | D:9      | Reached XP level 12. HP: 50/126 MP: 14/14
 14503 | Lair:1   | Reached skill level 10 in Shapeshifting
 14615 | Lair:1   | Noticed a catoblepas
 14691 | Lair:1   | HP: 8/192 [cane toad (18)]
 14693 | Lair:1   | Slain by a cane toad

Illustrated notes

Levels and vault maps discovered:
D:1:      dpeg_arrival_oval, layout_basic
D:2:      layout_rooms, dilly_ecumenical_altar_fadedgnrine, basic_altar,
          minivault_25
D:3:      wander_river, layout_loops_ring, old_standard_altar, vehumet_crystals,
          nemelex_dance_club_becter, serial_shops, nicolae_shop_statue_plus,
          kennysheep_generic_room_4
D:4:      old_forge, layout_loops_ring, mainiacjoe_overflow_boulevard,
          serial_shops, shop, shop, shop, shop, shop_statue,
          cheibrodos_sewer_entry_drain, minmay_hedge_maze, minmay_distorted
D:5:      layout_loops_cross, hellmonk_overflow_destroyed_library,
          lemuel_crystal_altar, minmay_temple_entry_hall,
          lightli_ossuary_entry_decrepit_ruins, minmay_holes, uniq_eustachio
D:6:      layout_basic
D:7:      layout_rooms, serial_glass, glass_columns_b, glass_columns_c,
          glass_columns_c, glass_columns_a, glass_columns_c, glass_columns_b,
          glass_columns_b, glass_columns_a, glass_columns_b, glass_columns_b,
          uniq_menkaure
D:8:      layout_layer_cave, lemuel_doored_altar, minmay_shop_chei,
          roadster_trireme, uniq_jeremiah
D:9:      wander_kiku_kobolds, layout_loops_corners,
          lemuel_coloured_pillars_altar, marbit_many_paths, lair_entry_dummy,
          orc_0_dummy, minivault_25, lightli_fourway_metalbox
D:10:     layout_grid_maze, kiku_gazebo_garden_becter
D:11:     layout_stronghold
Lair:1:   layout_layer_cave, grunt_megastairs_4, serial_bayou_shore_b,
          serial_bayou_shore_a, serial_bayou_shore_b

Skill      XL: |  1  2  3  4  5  6  7  8  9 10 11 12 |
---------------+-------------------------------------+-----
Unarmed Combat | 3 4 5 7 8 10 12 | 12.0
Fighting       | 7 10 | 10.6
Dodging        | 3 4 5 |  5.0
Invocations    | 3 |  3.0
Evocations     | 2 |  2.0
Shapeshifting  | 7 9 10 | 10.0
Throwing       | |  2.0

Action                     |  1- 3 |  4- 6 |  7- 9 | 10-12 || total
---------------------------+-------+-------+-------+-------++-------
  Melee: Unarmed           |   109 |   197 |   341 |   519 ||  1166
         Headbutt          |    19 |    44 |    92 |   125 ||   280
         Punch             |     2 |     7 |    22 |    25 ||    56
  Throw: Throwing net      |       |       |       |     3 ||     3
 Invoke: Divine Shield     |       |       |       |     1 ||     1
  Evoke: Wand              |       |       |     1 |    10 ||    11
    Use: Scroll            |     5 |     1 |     7 |    12 ||    25
         Potion            |       |       |     2 |     6 ||     8
 Armour: Robe              |    52 |    88 |   220 |       ||   360
         Skin              |       |       |     1 |   135 ||   136
         Steam dragon scal |       |       |    73 |   207 ||   280
  Dodge: Dodged            |    44 |    83 |   201 |   307 ||   635
  Block: Other             |       |       |       |     1 ||     1
   Form: Flux              |       |       |       |     1 ||     1
